 Dungeon Crawl Stone Soup version 0.28.0-53-g5a82cb258f (webtiles) character file.

Game seed: 5642030651228231220

700 wingedge the Caller (level 7, -1/51 HPs)
             Began as a Gnoll Summoner on June 8, 2022.
             Was a Believer of Wu Jian.
             Killed from afar by Dowan (11 damage)
             ... with a stone arrow
             ... on level 4 of the Dungeon.
             The game lasted 00:24:57 (2752 turns).

wingedge the Caller (Gnoll Summoner)                Turns: 2752, Time: 00:24:58

Health: -1/51      AC:  5    Str: 15    XL:     7   Next: 65%
Magic:  6/15       EV: 13    Int: 15    God:    Wu Jian [**....]
Gold:   122        SH:  0    Dex: 12    Spells: 6/17 levels left

rFire   . . .      SeeInvis .   h - +2 dagger (speed)
rCold   . . .      Faith    .   (no shield)
rNeg    . . .      Spirit   .   e - +0 leather armour
rPois   .          Reflect  .   m - +0 helmet
rElec   .          Harm     .   (no cloak)
rCorr   .          Rampage  .   t - +0 pair of gloves
Will    .....                   (no boots)
Stlth   +++.......              (no amulet)
HPRegen 0.17/turn               s - +6 ring of strength
MPRegen 0.14/turn               (no ring)

@: no status effects
A: fangs 1, strong nose, distributed training
a: Renounce Religion, Wall Jump


You were on level 4 of the Dungeon.
You worshipped Wu Jian.
Wu Jian was pleased with you.
You visited 1 branch of the dungeon, and saw 4 of its levels.

You collected 188 gold pieces.
You spent 66 gold pieces at shops.

Inventory:

Hand Weapons
 d - a +1 short sword
 h - a +2 dagger of speed (weapon)
 i - a +0 hunting sling
 k - a +2 flail of protection
Missiles
 f - 16 bolts
 n - 3 boomerangs
 r - 28 sling bullets
Armour
 a - a +0 robe
 e - a +0 leather armour (worn)
 j - a +0 chain mail
 m - a +0 helmet (worn)
 o - a +0 ring mail
 t - a +0 pair of gloves (worn)
 u - a +0 ring mail
 w - a +1 pair of gloves
Jewellery
 s - a +6 ring of strength (left hand)
Wands
 p - a wand of polymorph (1)
Scrolls
 l - a scroll of teleportation
 q - a scroll of noise {unknown}
 v - 3 scrolls of immolation
Potions
 b - a potion of mutation {unknown}
 c - 4 potions of curing
 g - 2 potions of berserk rage {unknown}


   Skills:
 + Level 2.6 Fighting
 + Level 2.6 Short Blades
 + Level 2.6 Long Blades
 + Level 2.6 Axes
 + Level 2.6 Maces & Flails
 + Level 2.6 Polearms
 + Level 2.6 Staves
 + Level 2.6 Slings
 + Level 2.6 Bows
 + Level 2.6 Crossbows
 + Level 2.6 Throwing
 + Level 2.6 Armour
 + Level 5.3 Dodging
 + Level 5.0 Stealth
 + Level 2.6 Shields
 + Level 2.6 Unarmed Combat
 + Level 5.7 Spellcasting
 + Level 2.1 Conjurations
 + Level 2.1 Hexes
 + Level 7.4 Summonings
 + Level 2.1 Necromancy
 + Level 2.1 Translocations
 + Level 2.1 Transmutations
 + Level 2.1 Fire Magic
 + Level 2.1 Ice Magic
 + Level 2.1 Air Magic
 + Level 2.1 Earth Magic
 + Level 2.1 Poison Magic
 + Level 2.9 Invocations
 + Level 2.6 Evocations


You had 6 spell levels left.
You knew the following spells:

 Your Spells              Type           Power      Damage    Failure   Level
a - Summon Small Mammal   Summ           100%       N/A       1%          1
b - Call Imp              Summ           26%        N/A       1%          2
c - Call Canine Familiar  Summ           26%        N/A       2%          3
d - Summon Guardian Gole  Hex/Summ       18%        N/A       8%          3
e - Apportation           Tloc           20%        N/A       8%          1
f - Animate Skeleton      Necr           20%        N/A       8%          1

Your spell library contained the following spells:

 Spells                   Type           Power      Damage    Failure   Level
 Sandblast                Erth           20%        2d7       8%          1
 Passwall                 Tmut/Erth      8%         N/A       12%         2
 Stone Arrow              Conj/Erth      20%        3d8       24%         3
 Summon Lightning Spire   Summ/Air       18%        N/A       26%         4


Dungeon Overview and Level Annotations

Branches:
Dungeon (4/15)
 Temple: D:4-7

Altars:
Wu Jian

Shops:
D:3 !

Annotations:
D:4 Dowan


Innate Abilities, Weirdness & Mutations

You have very sharp teeth.
Your uncanny sense of smell can sniff out nearby items.
Your experience applies equally to all skills.


Message History

You hit Duvessa but do no damage.
Duvessa is almost dead.
Duvessa hits you with a +0 short sword!
Your hound barely misses Dowan.
You barely miss Duvessa. You bite Duvessa, but do no damage.
Duvessa is almost dead.
Your quokka skeleton bites Duvessa but does no damage.
Dowan's feet meld with the ground, briefly.
Dowan hits you with a +0 dagger.
Your quokka barely misses Duvessa.
Duvessa completely misses you.
Your hound bites Dowan.
Casting: Call Canine Familiar (dangerous; 2% risk of failure)
Confirm with . or Enter, or press ? or * to list all spells.
A beastly little devil appears in a puff of frigid air.
Duvessa hits you with a +0 short sword.
Your hound closely misses Dowan.
Your quokka barely misses Duvessa.
Dowan hits you with a +0 dagger.
Your quokka skeleton bites Duvessa.
You hit Duvessa but do no damage.
Duvessa is almost dead.
Duvessa hits you with a +0 short sword.
Your hound barely misses Dowan.
Your quokka barely misses Duvessa.
Dowan gestures at you while chanting. The puff of frost hits you!
* * * LOW HITPOINT WARNING * * *
Your quokka skeleton bites Duvessa.
Duvessa dies!
The Council accepts your kill.
Dowan's eyes darken. "You have made a black mistake."
Dowan seems to find hidden reserves of power!
Your Stealth skill increases to level 5!
Okay, then.
Your hound closely misses Dowan.
Dowan breathes, "And she was my only..."
Your quokka barely misses Dowan.
Dowan misses you.
Your hound bites Dowan.
Your quokka completely misses Dowan.
Your white imp hits Dowan.
Your white imp freezes Dowan.
Your quokka skeleton bites Dowan.
Your hound disappears in a puff of smoke!
Dowan breathes, "And she was my only..."
Dowan gestures at you while chanting. The stone arrow hits you!
You die...

#.#.##########
#............#
#######.##.....#
........)..###.#.
####..Z.## # #.
#.r5## #.#. ###e#
.#. #.# .. #@# #.
#.# #.####### #.#
#...5.5.# #.#
#######.# #.# #.##
#.# #... #.# ####
#.# ######
#.###########.....


You could see Dowan (fast, ally target), a friendly white imp (summoned), a
friendly quokka (summoned) and a friendly quokka skeleton.

Vanquished Creatures
  Grinder (D:4)
  An orc wizard (D:3)
  4 orcs
  4 endoplasms
  A giant cockroach (D:3)
  A hobgoblin (D:3)
  4 kobolds
  A quokka (D:1)
  2 bats (D:2)
  A rat (D:1)
20 creatures vanquished.

Vanquished Creatures (collateral kills)
  Sigmund (D:4)
  Duvessa (D:4)
  An orc priest (D:3)
  An orc wizard (D:3)
  A hound skeleton (D:4)
  3 gnolls (D:2)
  A howler monkey skeleton (D:4)
  3 adders
  An ufetubus (D:4)
  3 worms
  A dart slug (D:2)
  7 orcs (D:3)
  2 endoplasms (D:1)
  4 giant cockroaches
  4 goblins
  2 hobgoblins (D:2)
  2 jackals (D:2)
  3 quokkas
  6 ball pythons
  3 frilled lizards
  5 kobolds
  9 rats
64 creatures vanquished.

Grand Total: 84 creatures vanquished

Notes
Turn   | Place    | Note
-------+----------+-------------------------------------------
     0 | D:1      | wingedge the Gnoll Summoner began the quest for the Orb.
     0 | D:1      | Reached XP level 1. HP: 13/13 MP: 6/6
   164 | D:1      | Reached XP level 2. HP: 15/19 MP: 4/7
   436 | D:2      | Reached XP level 3. HP: 19/25 MP: 7/9
   474 | D:1      | Reached skill level 5 in Spellcasting
   488 | D:1      | Learned a level 2 spell: Call Imp
   492 | D:1      | Learned a level 3 spell: Call Canine Familiar
   496 | D:1      | Learned a level 3 spell: Summon Guardian Golem
   585 | D:1      | Found a faded altar of an unknown god.
   593 | D:1      | Prayed at the altar of an unknown god.
   593 | D:1      | Became a worshipper of the Wu Jian Council
   593 | D:1      | Reached * piety under Wu Jian
   729 | D:2      | Reached skill level 1 in Invocations
   740 | D:2      | Reached skill level 1 in Fighting
   740 | D:2      | Reached skill level 1 in Short Blades
   740 | D:2      | Reached skill level 1 in Long Blades
   740 | D:2      | Reached skill level 1 in Axes
   740 | D:2      | Reached skill level 1 in Maces & Flails
   740 | D:2      | Reached skill level 1 in Polearms
   740 | D:2      | Reached skill level 1 in Staves
   740 | D:2      | Reached skill level 1 in Slings
   740 | D:2      | Reached skill level 1 in Bows
   740 | D:2      | Reached skill level 1 in Crossbows
   740 | D:2      | Reached skill level 1 in Throwing
   740 | D:2      | Reached skill level 1 in Armour
   740 | D:2      | Reached skill level 1 in Shields
   740 | D:2      | Reached skill level 1 in Unarmed Combat
   740 | D:2      | Reached skill level 1 in Evocations
   757 | D:2      | Reached XP level 4. HP: 23/32 MP: 2/11
   776 | D:2      | Learned a level 1 spell: Apportation
   778 | D:2      | Learned a level 1 spell: Animate Skeleton
   933 | D:2      | Reached ** piety under Wu Jian
  1225 | D:3      | Reached skill level 1 in Conjurations
  1225 | D:3      | Reached skill level 1 in Hexes
  1225 | D:3      | Reached skill level 1 in Necromancy
  1225 | D:3      | Reached skill level 1 in Translocations
  1225 | D:3      | Reached skill level 1 in Transmutations
  1225 | D:3      | Reached skill level 1 in Fire Magic
  1225 | D:3      | Reached skill level 1 in Ice Magic
  1225 | D:3      | Reached skill level 1 in Air Magic
  1225 | D:3      | Reached skill level 1 in Earth Magic
  1225 | D:3      | Reached skill level 1 in Poison Magic
  1571 | D:3      | Reached XP level 5. HP: 37/37 MP: 9/12
  1858 | D:3      | Found Kifuxaesch's Distillery.
  1868 | D:3      | Bought a potion of curing for 33 gold pieces
  1868 | D:3      | Bought a potion of curing for 33 gold pieces
  2250 | D:4      | Noticed Grinder
  2267 | D:4      | Paralysed by Grinder for 3 turns
  2283 | D:4      | Paralysed by Grinder for 6 turns
  2300 | D:4      | Killed Grinder
  2301 | D:4      | Reached skill level 5 in Dodging
  2301 | D:4      | Reached XP level 6. HP: 44/44 MP: 4/14
  2603 | D:4      | Noticed Sigmund
  2662 | D:4      | Killed Sigmund
  2663 | D:4      | Reached XP level 7. HP: 51/51 MP: 8/15
  2711 | D:4      | Noticed Duvessa
  2714 | D:4      | Noticed Dowan
  2747 | D:4      | Killed Duvessa
  2748 | D:4      | Reached skill level 5 in Stealth
  2752 | D:4      | Killed from afar by Dowan

Illustrated notes

Levels and vault maps discovered:
D:1:      dpeg_arrival_short_road, layout_basic,
          shapermc_ecumenical_altar_pompeii
D:2:      layout_rooms
D:3:      layout_basic, serial_shops, nicolae_shop_hallway_plus,
          kennysheep_big_empty_room, st_stairs_10
D:4:      minmay_evil_eye, layout_loops_ring, led_sif_pool, uniq_menkaure,
          uniq_duvessa, uniq_grinder, uniq_edmund, uniq_sigmund

Skill      XL: |  1  2  3  4  5  6  7 |
---------------+----------------------+-----
Spellcasting   | 5 |  5.7
Invocations    | 1 2 |  2.9
Fighting       | 1 2 |  2.6
Short Blades   | 1 2 |  2.6
Long Blades    | 1 2 |  2.6
Axes           | 1 2 |  2.6
Maces & Flails | 1 2 |  2.6
Polearms       | 1 2 |  2.6
Staves         | 1 2 |  2.6
Slings         | 1 2 |  2.6
Bows           | 1 2 |  2.6
Crossbows      | 1 2 |  2.6
Throwing       | 1 2 |  2.6
Armour         | 1 2 |  2.6
Shields        | 1 2 |  2.6
Unarmed Combat | 1 2 |  2.6
Evocations     | 1 2 |  2.6
Conjurations   | 1 2 |  2.1
Hexes          | 1 2 |  2.1
Necromancy     | 1 2 |  2.1
Translocations | 1 2 |  2.1
Transmutations | 1 2 |  2.1
Fire Magic     | 1 2 |  2.1
Ice Magic      | 1 2 |  2.1
Air Magic      | 1 2 |  2.1
Earth Magic    | 1 2 |  2.1
Poison Magic   | 1 2 |  2.1
Dodging        | 5 |  5.3
Stealth        | 5 |  5.0
Summonings     | |  7.4

Action                   |  1- 3 |  4- 6 |  7- 9 || total
-------------------------+-------+-------+-------++-------
Melee: Unarmed           |     5 |       |       ||     5
       Short sword       |    25 |    30 |       ||    55
       Bite              |     2 |     4 |     3 ||     9
       Flail             |       |    25 |       ||    25
       Dagger            |       |     5 |    13 ||    18
       Punch             |       |     2 |       ||     2
 Cast: Summon Small Mamm |    17 |    30 |     2 ||    49
       Call Imp          |     2 |    16 |     2 ||    20
       Call Canine Famil |     2 |    17 |     1 ||    20
       Animate Skeleton  |       |    13 |     3 ||    16
Invok: Lunge             |       |     5 |       ||     5
       Whirlwind         |       |     3 |       ||     3
  Use: Scroll            |       |     5 |       ||     5
 Stab: Sleeping          |     3 |     2 |       ||     5
       Distracted        |       |     2 |       ||     2
Armor: Robe              |     2 |     4 |       ||     6
       Skin              |       |    10 |       ||    10
       Leather armour    |       |    10 |     1 ||    11
Dodge: Dodged            |    36 |    48 |     7 ||    91
